 Dungeon Crawl Stone Soup version 0.22-a0-305-gd21a89c (webtiles) character file.

45 JeffiDaFish the Conjurer (level 3, -9/26 HPs)
             Began as a Draconian Conjurer on Mar 31, 2018.
             Mangled by a gnoll
             ... wielding a +0 halberd of venom
              (12 damage)
             ... on level 2 of the Dungeon.
             The game lasted 00:03:26 (1314 turns).

JeffiDaFish the Conjurer (Draconian Conjurer)       Turns: 1314, Time: 00:03:27

Health: -9/26      AC:  5    Str: 10    XL:     3   Next: 42%
Magic:  0/7        EV: 12    Int: 16    God:
Gold:   46         SH:  0    Dex: 11    Spells: 4/7 levels left

rFire    . . .     SeeInvis .   e - +0 short sword
rCold    . . .     Gourm    .   (no shield)
rNeg     . . .     Faith    .   (armour unavailable)
rPois    .         Spirit   .   (helmet restricted)
rElec    .         Reflect  .   (no cloak)
rCorr    .         Harm     .   (no gloves)
MR       .....                  (no boots)
Stlth    ++........             (no amulet)
HPRegen  0.08/turn              (no ring)
MPRegen  0.10/turn              (no ring)

@: lethally poisoned (-9 -> -19)
A: unfitting armour, cold-blooded, AC +5
a: no special abilities


You were on level 2 of the Dungeon.
You were not hungry.

You visited 1 branch of the dungeon, and saw 2 of its levels.

You collected 46 gold pieces.

Inventory:

Hand Weapons
 e - a +0 short sword (weapon)
Scrolls
 a - a scroll of remove curse
Comestibles
 b - a ration
 c - 2 chunks of flesh


   Skills:
 - Level 1.7 Dodging
 - Level 1.7 Stealth
 + Level 2.9 Spellcasting
 + Level 4.6 Conjurations


You had 4 spell levels left.
You knew the following spells:

 Your Spells              Type           Power        Failure   Level  Hunger
a - Magic Dart            Conj           ###.         2%          1    #......
b - Searing Ray           Conj           ###...       4%          2    ##.....


Dungeon Overview and Level Annotations

Branches:
Dungeon (2/15)

Altars:


Innate Abilities, Weirdness & Mutations

Your plain brown scales are hard. (AC +5)
You cannot fit into any form of body armour.
You are cold-blooded and may be slowed by cold attacks.


Message History

You feel sick.
You feel sick.
You feel sick.
Casting: Searing Ray (safe; 4% risk of failure)
Confirm with . or Enter, or press ? or * to list all spells.
Aiming: Searing Ray (safe; 4% risk of failure)
Press: ? - help, Shift-Dir - straight line, f/p - ball python
Aim: a ball python The searing ray hits the gnoll.
The gnoll is lightly wounded. (Press . to maintain the ray.)
You feel sick.
The gnoll hits you with a halberd of venom!
Ouch! That really hurt!
* * * LOW HITPOINT WARNING * * *
You are lethally poisoned!
You closely miss the gnoll.
The gnoll is lightly wounded.
The gnoll hits you with a halberd of venom!
You die...

## .. ##### .#####g#
#...# .#.†gS.# #...#
.#.##############...##
.............gSg@....#
.#.###.###.#.#.#####..#
.#...#.# #.#.#.# #
.###.#.#...#.#.#
................
.###.#.......#.# .#
#.###.#####.# .# #.#
#... #.. .# #.# ##


You could see 2 gnolls and a ball python.

Vanquished Creatures
  A gnoll (D:2)
  4 dart slugs (D:1)
  A leopard gecko (D:2)
  3 giant cockroaches
  4 hobgoblins (D:1)
  A bat (D:1)
  4 frilled lizards (D:1)
  4 goblins
  2 kobolds
  5 rats
29 creatures vanquished.

Notes
Turn   | Place    | Note
-------+----------+-------------------------------------------
     0 | D:1      | JeffiDaFish the Draconian Conjurer began the quest for the Orb.
     0 | D:1      | Reached XP level 1. HP: 14/14 MP: 3/3
   252 | D:1      | Reached XP level 2. HP: 20/20 MP: 3/5
   738 | D:1      | Learned a level 2 spell: Searing Ray
  1114 | D:2      | Reached XP level 3. HP: 26/26 MP: 7/7
  1314 | D:2      | Mangled by a gnoll

Vault maps used:
D:1:      erik_arrival_triangle_small
D:2:      nicolae_overflow_hidden_temple

Action                   || total
-------------------------++-------
Melee: Unarmed           ||    38
       Tailslap          ||     4
       Dagger            ||     1
       Short sword       ||    20
 Cast: Magic Dart        ||    42
       Searing Ray       ||     3
  Use: Potion            ||     4
       Scroll            ||     3
 Stab: Sleeping          ||     1
  Eat: Chunk             ||     2
Armor: Skin              ||    16
Dodge: Dodged            ||    44

Table legend:
 A = Spawn XP
 B = Non-spawn XP
 C = Spawn XP percentage of total XP
 D = Spawn monster count
 E = Non-spawn monster count
 F = Spawn count percentage of total count
 G = Total turns spent on level
                    A         B        C        D         E        F      G
               +---------+---------+-------+---------+---------+-------+---------
         Total |       0 |      65 |   0.0 |       0 |      29 |   0.0 |  1314
               +---------+---------+-------+---------+---------+-------+---------
           D:1 |       0 |      40 |   0.0 |       0 |      21 |   0.0 |  1113
           D:2 |       0 |      25 |   0.0 |       0 |       8 |   0.0 |   201
               +---------+---------+-------+---------+---------+-------+---------
